[Event "32nd NATO Chess Championship"]
[Site "Tartu, Estonia"]
[Date "2022.06.28"]
[Round "2.19"]
[White "Wendler, Edward"]
[Black "Sauer, Marko"]
[Result "0-1"]
[TimeControl "90 min + 30 sec increment from move one"]
[WhiteFideId "30956277"]
[BlackFideId "1270766"]
[WhiteElo "1839"]
[BlackElo "2065"]

1. e4 c5 2. Nf3 e6 3. d4 cxd4 4. Nxd4 a6 5. Bd3 Qc7 6. Be3 Nf6 7. O-O b5 8. Nd2 Bb7 9. Qe2 d6 10.
a4 b4 11. Rfc1 d5 12. Bg5 Nbd7 13. exd5 Bxd5 14. Bxa6 Qb6 15. Nxe6 fxe6 16. Bb5 Be7 17. Re1 Kf7 18. Bxd7 Nxd7 19. Bxe7 Kxe7 20. Qg4 Kf7 21.
Ne4 Rhf8 22. Re3 Bxe4 23. Qxe4 Nf6 24. Qh4 Kg8 25. b3 Rad8 26. h3 Rd2 27. Qc4 Nd5 0-1

[Event "32nd NATO Chess Championship"]
[Site "Tartu, Estonia"]
[Date "2022.06.28"]
[Round "2.21"]
[White "Tikerpuu, Mati"]
[Black "Flaata, Alexander R."]
[Result "1-0"]
[TimeControl "90 min + 30 sec increment from move one"]
[WhiteFideId "4505905"]
[BlackFideId "1502026"]
[WhiteElo "1819"]
[BlackElo "2048"]

1. b4 c6 2. Bb2 a5 3. b5 d5 4. e3 Bf5 5. Nf3 Nf6 6. d4 e6 7. a3 Nbd7 8. c4 dxc4 9. Bxc4 Nb6 10.
Be2 Bd6 11. O-O h5 12. Nc3 c5 13. Na4 Nxa4 14. Qxa4 O-O 15. Rfd1 Qe7 16. Rac1 Ne4 17. dxc5 Bxc5 18. Ne5 Bd6 19.
Bf3 Nc5 20. Qd4 Rad8 21. Nc6 Qg5 22. Nxd8 Rxd8 23. Rxc5 Bxh2+ 24. Kxh2 Rxd4 25. Rxd4 Qe7 26. Rc8+ Kh7 27. b6 e5 28.
Rc7 Qe6 29. Rdd7 e4 30. Rxf7 exf3 31. Bxg7 Qd6+ 32. Be5+ 1-0

[Event "32nd NATO Chess Championship"]
[Site "Tartu, Estonia"]
[Date "2022.06.28"]
[Round "2.22"]
[White "Ivanovs, Aleksejs"]
[Black "Schott, Guido"]
[Result "0-1"]
[TimeControl "90 min + 30 sec increment from move one"]
[WhiteFideId "11626283"]
[BlackFideId "4646746"]
[WhiteElo "1784"]
[BlackElo "2028"]

1. d4 d6 2. Nf3 Bg4 3. e4 Nf6 4. Nc3 c6 5. a4 Nbd7 6. Be2 e5 7. O-O Be7 8. Be3 O-O 9. h3 Bh5 10.
Qd3 Re8 11. Rfe1 Qc7 12. Rad1 a6 13. Nh4 Bxe2 14. Rxe2 g6 15. f4 exf4 16. Bxf4 Nh5 17. Nxg6 hxg6 18. Rf1 Nxf4 19. Rxf4 Rf8 20.
Ref2 Kg7 21. Qf3 f6 22. h4 Rh8 23. Qg4 Raf8 24. Rf5 Rh6 25. R2f3 Rfh8 26. Rg3 Nf8 27. e5 Rxh4 28. exf6+ Bxf6 29.
Qf3 Rh1+ 30. Kf2 Bxd4+ 31. Ke2 Qe7+ 32. Kd3 R8h4 33. Ne4 Rxe4 34. Rf7+ Qxf7 35. Qxe4 Rd1+ 36. Ke2 Qf1# 0-1

[Event "32nd NATO Chess Championship"]
[Site "Tartu, Estonia"]
[Date "2022.06.28"]
[Round "2.23"]
[White "Nilsson, Erik"]
[Black "Rizihs, Valerijs"]
[Result "1/2-1/2"]
[TimeControl "90 min + 30 sec increment from move one"]
[WhiteFideId "1409000"]
[BlackFideId "11603380"]
[WhiteElo "2002"]
[BlackElo "1619"]

1. d4 d5 2. c4 e6 3. Nc3 Nf6 4. Bg5 Nbd7 5. e3 c6 6. Nf3 Qa5 7. cxd5 exd5 8. Nd2 Bb4 9. Qc2 O-O 10.
Be2 Ne4 11. Ndxe4 dxe4 12. Bf4 Nf6 13. O-O Bxc3 14. bxc3 Nd5 15. Bd6 Rd8 16. Bb4 Nxb4 17. cxb4 Qxb4 18. Qxe4 Be6 19. Qc2 1/2-1/2

[Event "32nd NATO Chess Championship"]
[Site "Tartu, Estonia"]
[Date "2022.06.28"]
[Round "2.24"]
[White "Balmaceda, Enrico"]
[Black "Papler, Peter"]
[Result "1/2-1/2"]
[TimeControl "90 min + 30 sec increment from move one"]
[WhiteFideId "2089785"]
[BlackFideId "14609770"]
[WhiteElo "1958"]
[BlackElo "1714"]

1. d4 Nf6 2. Bg5 d6 3. c4 Nbd7 4. Nc3 h6 5. Bh4 c6 6. Nf3 Qc7 7. e4 e5 8. Bxf6 Nxf6 9. Be2 Be7 10.
O-O O-O 11. Qd2 Rd8 12. d5 a6 13. a4 c5 14. Ra3 Qa5 15. Ne1 Re8 16. f4 Bf8 17. f5 Bd7 18. g4 Nh7 19. h4 Qd8 20.
Nf3 Be7 21. Qe1 g5 22. fxg6 fxg6 23. Qg3 Rf8 24. Nd1 Rf4 25. Nf2 Qb6 26. Re3 Raf8 27. b3 Qd8 28. Kg2 Nf6 29. Nh2 Kh7 1/2-1/2

[Event "32nd NATO Chess Championship"]
[Site "Tartu, Estonia"]
[Date "2022.06.28"]
[Round "2.25"]
[White "Smit, Jan"]
[Black "Hater, David"]
[Result "1/2-1/2"]
[TimeControl "90 min + 30 sec increment from move one"]
[WhiteFideId "1052047"]
[BlackFideId "2017776"]
[WhiteElo "1741"]
[BlackElo "1944"]

1. Nf3 Nf6 2. d4 g6 3. Bg5 Bg7 4. Nbd2 d5 5. e3 O-O 6. Bd3 Nbd7 7. c3 b6 8. O-O Bb7 9. a4 c5 10.
Qe2 h6 1/2-1/2

[Event "32nd NATO Chess Championship"]
[Site "Tartu, Estonia"]
[Date "2022.06.28"]
[Round "2.28"]
[White "Charles, Freddy"]
[Black "Csizmadia, Csaba"]
[Result "1-0"]
[TimeControl "90 min + 30 sec increment from move one"]
[WhiteFideId "1742"]
[BlackFideId "763942"]
[WhiteElo "1742"]
[BlackElo "1875"]

1. d4 Nf6 2. Bf4 d5 3. e3 c5 4. Nc3 e6 5. Nb5 Na6 6. a4 Be7 7. h3 O-O 8. Nf3 c4 9. c3 Qb6 10.
Ne5 Nd7 11. Qc2 Nxe5 12. Bxe5 Bd7 13. Na3 Rfc8 14. Be2 Qa5 15. Nb1 b5 16. O-O bxa4 17. Nd2 Qb6 18. Rfb1 Nc7 19. Bd1 Bb5 20.
Qc1 Qc6 21. Bc2 f6 22. Bh2 Ne8 23. Qd1 Nd6 24. Bxa4 a6 25. Bc2 Rf8 26. Qh5 f5 27. Be5 Nf7 28. f4 Nxe5 29. dxe5 Bc5 30.
Qe2 Qb6 31. Kf2 g5 32. g3 gxf4 33. gxf4 Kh8 34. Nf3 h6 35. Nd4 Rg8 36. Qh5 Kh7 37. Qf7+ Rg7 38. Qxe6 Bxd4 39. Qxf5+ Kh8 40.
exd4 Bd7 41. Qh5 Rf8 42. Rg1 Rxf4+ 43. Ke3 Rgf7 44. Rg3 Bf5 45. Qxf7 1-0

[Event "32nd NATO Chess Championship"]
[Site "Tartu, Estonia"]
[Date "2022.06.28"]
[Round "2.29"]
[White "Heran-Boily, Samuel"]
[Black "Voroblievas, Arturas"]
[Result "1/2-1/2"]
[TimeControl "90 min + 30 sec increment from move one"]
[WhiteFideId "1554565"]
[BlackFideId "12803430"]
[WhiteElo "1871"]
[BlackElo "1740"]

1. e4 e5 2. Nf3 Nc6 3. Bb5 a6 4. Ba4 Nf6 5. d3 b5 6. Bb3 Bc5 7. O-O h6 8. c3 O-O 9. Re1 d6 10.
Nbd2 Ng4 11. Re2 Na5 12.
Bc2 Nc6 13. h3 Nf6 14. Nf1 Nh5 15. Re1 Bb6 16. Nxe5 Qh4 17. Nf3 Qxf2+ 18. Kh2 Ne5 19. Nd4 Bxd4 20. cxd4 Nf3+ 21. Qxf3 Qxe1 22. e5 Bb7 23. Qxh5 Qxf1 24. Qg4 f5 25.
Qg6 f4 26. Bb3+ d5 27. Qg4 Rae8 28. Qf3 Qxf3 29. gxf3 c6 30. Bd2 Bc8 31. Rc1 Bd7 32. Rg1 Kh7 33. Rc1 Rf5 34. Rg1 Rh5 35.
Bxf4 Rf8 36. Bg3 Bxh3 37. Rc1 Bd7+ 38. Kg2 Rg5 39. Bd1 Rf4 40. Kf2 Rxd4 41. f4 Rf5 42. Ke3 Rb4 43. b3 g5 44.
d4 gxf4+ 45. Bxf4 c5 46. Rxc5 Rxf4 47. Kxf4 Rxd4+ 48. Ke3 Rxd1 49. Rc7 Kg6 50. Rxd7 Kf5 51. Rd6 Kxe5 52. Rxh6 a5 53.
Ra6 a4 54. bxa4 bxa4 55. Rxa4 Rh1 56. Ra8 Rh3+ 57. Kd2 Kd4 58. Ra4+ Kc5 59. Ra5+ Kc4 60. Ra4+ Kb5 61. Ra8 Kb4 62.
Rb8+ Kc4 63. Ra8 d4 64. Rc8+ Kb4 65. Rd8 Kc4 66. Rc8+ Kd5 67. Rd8+ Kc5 68. Rc8+ Kb4 69. Rd8 Kc5 70.
Rc8+ Kd6 71. Rd8+ Kc5 1/2-1/2

[Event "32nd NATO Chess Championship"]
[Site "Tartu, Estonia"]
[Date "2022.06.28"]
[Round "2.30"]
[White "Steen, Kris"]
[Black "Graham, Frazer"]
[Result "1/2-1/2"]
[TimeControl "90 min + 30 sec increment from move one"]
[WhiteFideId "264571"]
[BlackFideId "479993"]
[WhiteElo "1735"]
[BlackElo "1864"]

1. c4 Nf6 2. Nc3 e6 3. e4 d5 4. cxd5 exd5 5. e5 Ng4 6. d4 g6 7. Be2 Nh6 8. Nf3
Nf5 9. Qb3 c6 10. Bd3 Qb6 11. Qxb6 axb6 12. O-O Be7 13. h3 h5 14. Bc2 b5 15.
Bd2 Ng7 16. a4 b4 17. Na2 Na6 18. b3 Bf5 19. Bd1 Ne6 20. Be2 Rb8 21. Rac1 1/2-1/2

[Event "32nd NATO Chess Championship"]
[Site "Tartu, Estonia"]
[Date "2022.06.28"]
[Round "2.31"]
[White "Korge, Kersti"]
[Black "Stuhr, Finn"]
[Result "0-1"]
[TimeControl "90 min + 30 sec increment from move one"]
[WhiteFideId "4502310"]
[BlackFideId "1400789"]
[WhiteElo "1864"]
[BlackElo "1686"]

1. b4 b6 2. Bb2 Bb7 3. e3 e6 4. b5 d6 5. Nf3 Nd7 6. Be2 Ngf6 7. O-O g6 8. c4 Bg7 9. d4 O-O 10.
Nc3 Re8 11. Qc2 e5 12. d5 Nc5 13. Nd2 Bc8 14. e4 Bh6 15. Nb3 Nb7 16. Bc1 Bxc1 17. Qxc1 Bg4 18. Bxg4 Nxg4 19. h3 Nf6 20.
Qe3 Nh5 21. g3 Qd7 22. Kg2 f5 23. Qg5 Rf8 24. exf5 Rxf5 25. Qe3 Raf8 26. Ne4 Rf3 27. Qh6 R3f5 28. g4 Nf4+ 29. Kh2 Rh5 30.
Qxf4 Rxf4 31. f3 Rxe4 32.
fxe4 Qxg4 0-1

[Event "32nd NATO Chess Championship"]
[Site "Tartu, Estonia"]
[Date "2022.06.28"]
[Round "2.32"]
[White "Coulon, Dominic"]
[Black "Giedraitis, Mingaudas"]
[Result "0-1"]
[TimeControl "90 min + 30 sec increment from move one"]
[WhiteFideId "2621932"]
[BlackFideId "12808806"]
[WhiteElo "1701"]
[BlackElo "1846"]

1. d4 d5 2. Nf3 Nf6 3. Bg5 c6 4. Nbd2 Qb6 5. Bxf6 exf6 6. Rb1 Bf5 7. e3 Bd6 8.
Nh4 Bd7 9. Bd3 g6 10. c3 O-O 11. O-O f5 12. f4 Bc8 13. Rf3 Qd8 14. Rh3 f6 15.
Qc2 Be6 16. Rg3 Kf7 17. Nxf5 gxf5 18. Bxf5 Qd7 19. Bxh7 f5 20. Nf3 Ke8 21. Ng5
Be7 22. Nxe6 Qxe6 23. Bg6+ Kd8 24. Bh5 Nd7 25. Bf3 Qxe3+ 26. Kh1 Qxf4 27. Re1 Nf6 0-1

[Event "32nd NATO Chess Championship"]
[Site "Tartu, Estonia"]
[Date "2022.06.28"]
[Round "2.34"]
[White "Adolfssen, Rico"]
[Black "Ross, David C"]
[Result "1-0"]
[TimeControl "90 min + 30 sec increment from move one"]
[WhiteFideId "1400371"]
[BlackFideId "417572"]
[WhiteElo "1837"]
[BlackElo "1677"]

1. e4 e5 2. f4 exf4 3. Nf3 g5 4. h4 g4 5. Ne5 h5 6. Bc4 Nh6 7. d4 d6 8. Nd3 Nc6 9. Nxf4 Qe7 10.
Nc3 Bd7 11. Nfd5 Qd8 12. Bg5 Ne7 13. Nf6# 1-0

[Event "32nd NATO Chess Championship"]
[Site "Tartu, Estonia"]
[Date "2022.06.28"]
[Round "2.35"]
[White "O`byrne, Daniel"]
[Black "Kocur, Marc"]
[Result "1-0"]
[TimeControl "90 min + 30 sec increment from move one"]
[WhiteFideId "440825"]
[BlackFideId "205036"]
[WhiteElo "1664"]
[BlackElo "1835"]

1. e4 Nc6 2. d4 d5 3. e5 Bf5 4. c3 e6 5. Ne2 f6 6. f4 Nh6 7. Ng3 Bxb1 8. Rxb1 f5 9. Qb3 Na5 10.
Qa4+ c6 11. b4 Nc4 12. b5 Qa5 13. Qxa5 Nxa5 14. bxc6 bxc6 15. Nh5 Kf7 16. Bd2 Be7 17. Bd3 Rhb8 18. O-O c5 19. h3 Ng8 20.
Ng3 g6 21. Ne2 c4 22. Bc2 Ba3 23. Rxb8 Rxb8 24. Rb1 Rb6 25. Bc1 Bxc1 26. Nxc1 h6 27. Kf2 Ne7 28. Rxb6 axb6 29. Ba4 Nc8 30.
Ke2 Na7 31. Bc2 Nb5 32. Kd2 Na3 33. Ne2 b5 34. Kc1 Nc6 35. Bd1 b4 36. Ba4 Na7 37. cxb4 N3b5 38. Bxb5 Nxb5 39. a4 Nc7 40.
Nc3 g5 41. g3 gxf4 42. gxf4 Kg6 43. b5 Kh5 44. a5 Kh4 45. b6 Na6 46. Nxd5 Kxh3 47. Nc7 1-0

[Event "32nd NATO Chess Championship"]
[Site "Tartu, Estonia"]
[Date "2022.06.28"]
[Round "2.36"]
[White "Rosseel, Kimball"]
[Black "Chapman, Chas"]
[Result "1-0"]
[TimeControl "90 min + 30 sec increment from move one"]
[WhiteFideId "233331"]
[BlackFideId "443468"]
[WhiteElo "1831"]
[BlackElo "1646"]

1. d4 Nf6 2. Nf3 d5 3. e3 e6 4. Bd3 Be7 5. O-O O-O 6. b3 b6 7. Bb2 Bb7 8. c4 dxc4 9. bxc4 c5 10.
Nbd2 cxd4 11. exd4 Nc6 12. Rc1 Rc8 13. Qe2 Nb4 14. Bb1 Qd6 15. Ne5 Nc6 16. Ndf3 Rc7 17. Rfd1 Qd8 18. a3 Qc8 19.
Nxc6 Bxc6 20. Ne5 Bb7 21. Rc3 Qa8 22. f3 Nd7 23. Qc2 g6 24. Qe2 Bf6 25. f4 Nxe5 26. fxe5 Bg7 27. Bc1 f6 28.
exf6 Bxf6 29. Qxe6+ Kg7 30. Qh3 Be4 31. Bh6+ Kg8 32. Qe6+ Rff7 33. Bxe4 Rce7 34. Qxf7+ 1-0

[Event "32nd NATO Chess Championship"]
[Site "Tartu, Estonia"]
[Date "2022.06.28"]
[Round "2.42"]
[White "Boudry, Rik"]
[Black "Van Den Heuvel, Tonnie"]
[Result "0-1"]
[TimeControl "90 min + 30 sec increment from move one"]
[WhiteFideId "237540"]
[BlackFideId "1012924"]
[WhiteElo "1468"]
[BlackElo "1799"]

1. e4 b6 2. d4 Bb7 3. Nc3 e6 4. Bd3 Bb4 5. Nge2 Nf6 6.
O-O c5 7. Bg5 Qc7 8. a3 Bxc3 9. Nxc3 cxd4 10. Bxf6 gxf6 11. Nb5 Qf4 12. g3 Rg8 13. Qe2 Nc6 14. Kh1 Qb8 15. c3 dxc3 16.
Nxc3 Ne5 17. Bc2 a6 18. Rad1 Qc8 19. Rd4 Bc6 20. Rfd1 Qb7 21. Na4 Qa7 22. Qd2 Nf3 23. Rxd7 Nxd2 24.
Rxa7 Rxa7 25. Rxd2 b5 26. Nc5 Ke7 27. Nb3 Rd8 28. Nd4 Ba8 29.
Kg2 Rad7 0-1

[Event "32nd NATO Chess Championship"]
[Site "Tartu, Estonia"]
[Date "2022.06.28"]
[Round "2.44"]
[White "Ivsek, Cveto"]
[Black "Sui, Andres"]
[Result "0-1"]
[TimeControl "90 min + 30 sec increment from move one"]
[WhiteFideId "14608405"]
[BlackFideId "4507029"]
[WhiteElo "1766"]
[BlackElo "1288"]

1. d4 d5 2. Bf4 e6 3. e3 Bd6 4. Bxd6 Qxd6 5. c3 Nf6 6. Bd3 O-O 7. Nf3 c5 8. Nbd2 c4 9. Bb1 b5 10.
a3 Nc6 11. O-O Re8 12. e4 e5 13. exd5 Qxd5 14. dxe5 Nxe5 15. Nxe5 Rxe5 16. Nf3 Bb7 17. Qxd5 Rxd5 18. Nd4 Re8 19.
Bc2 Rde5 20. a4 a6 21. axb5 axb5 22. Ra5 Be4 23. Bxe4 Nxe4 24. Rxb5 Rxb5 25. Nxb5 Rb8 26. Rd1 g6 27.
f3 Nc5 28. Na3 Rxb2 29. Nxc4 Rc2 30. Rd5 Na4 31. Ne5 Nxc3 32. Rd8+ Kg7 33. Rd7 Rc1+ 34. Kf2 Rc2+ 35. Kg3 Ne2+ 36.
Kh4 Kf6 37. Ng4+ Ke6 38. Rd8 Nf4 39.
Re8+ Kd6 40. Nf6 Rxg2 41. Ne4+ Kd5 42. Nf6+ Kd6 43. Re4 g5# 0-1

[Event "32nd NATO Chess Championship"]
[Site "Tartu, Estonia"]
[Date "2022.06.28"]
[Round "3.1"]
[White "Graczyk, Damian"]
[Black "Stein, Robert"]
[Result "0-1"]
[TimeControl "90 min + 30 sec increment from move one"]
[BlackTitle "FM"]
[WhiteFideId "1170716"]
[BlackFideId "12921084"]
[WhiteElo "2151"]
[BlackElo "2365"]

1. d4 d5 2. Nf3 e6 3. c4 a6 4. cxd5 exd5 5. Nc3 h6 6. Bf4 Nf6 7. e3 Bd6 8. Bxd6 Qxd6 9. Qc2 O-O 10.
Bd3 Bg4 11. Ne5 c5 12. Nxg4 Nxg4 13. dxc5 Qxc5 14. Ne2 Qd6 15. h3 Ne5 16. O-O Nbc6 17. a3 Rac8 18. Qd2 Rfd8 19. Rfd1 Qf6 20.
Nd4 Nxd4 21. exd4 Nc6 22. Be2 Re8 23. Bf3 Nxd4 24. Qxd4 Re1+ 25. Kh2 Qxd4 26. Rxd4 Rxa1 27. Rxd5 Rac1 28.
Rd7 b5 29. Bb7 Rb8 30. Bd5 Rc2 31. Rxf7 Kh8 32. Ra7 Rxb2 33. Rxa6 Rxf2 34. Ra5 Rc2 35. Be4 Rc3 36. Bf5 Rc7 37.
Bd3 Rcb7 38. Be4 Rb6 39. Bf3 g6 40. h4 Kg7 41. Kg3 Kf6 42. h5 g5 43. Ra7 Ke5 44. Kg4 Rd8 45. Re7+ Kd4 46.
Re1 Kc3 47. Rb1 Rd4+ 48. Kf5 Kc2 49. Re1 Kb2 50. Re7 Kxa3 51. Ke5 Rdd6 52. Bd5 b4 53. Be4 b3 54. Ra7+ Kb4 55. Rg7 Re6+ 56.
Kf5 Rxe4 0-1

[Event "32nd NATO Chess Championship"]
[Site "Tartu, Estonia"]
[Date "2022.06.28"]
[Round "3.2"]
[White "Pedersen, Finn"]
[Black "Bohn, Ulrich"]
[Result "1/2-1/2"]
[TimeControl "90 min + 30 sec increment from move one"]
[WhiteTitle "FM"]
[WhiteFideId "1400762"]
[BlackFideId "4656105"]
[WhiteElo "2300"]
[BlackElo "2168"]

1. Nf3 g6 2. d4 Bg7 3. c3 d6 4. Bf4 Nd7 5. e4 e5 6. dxe5 Nxe5 7. Nxe5 dxe5 8. Qxd8+ Kxd8 9. Be3 Be6 10.
Nd2 Bh6 11. Bxh6 Nxh6 12. Bc4 Ke7 13. Bxe6 Kxe6 14. f3 Rad8 15. Ke2 Rd7 16. Nb3 b6 17. Rhd1 Rhd8 18. Rxd7 Rxd7 19. a4 a5 20.
Nd2 Ng8 21. b4 axb4 22. cxb4 Ne7 23. Rc1 Rd4 24. Nc4 c6 25. b5 cxb5 26. axb5 f5 27. Ke3 fxe4 28. fxe4 Nc8 29. h4 Na7 30.
Nxb6 Nxb5 31. Nc4 Nd6 32. Nxd6 Rxd6 33. Rc7 h5 34. Rc3 1/2-1/2

[Event "32nd NATO Chess Championship"]
[Site "Tartu, Estonia"]
[Date "2022.06.28"]
[Round "3.3"]
[White "Keough, Robert"]
[Black "Pavlidis, Anastasios"]
[Result "0-1"]
[TimeControl "90 min + 30 sec increment from move one"]
[BlackTitle "IM"]
[WhiteFideId "410667"]
[BlackFideId "4208404"]
[WhiteElo "2074"]
[BlackElo "2296"]

1. e4 d6 2. d4 Nf6 3. Nc3 Nbd7 4. f4 e5 5. Nf3 exd4 6. Qxd4 c6 7. Be2 d5 8. exd5 Bc5 9. Qd3 O-O 10.
d6 Nb6 11. Be3 Bxe3 12. Qxe3 Qxd6 13. Ne5 Nfd5 14. Qd2 f6 15. Nxd5 Qxd5 16. Qxd5+ Nxd5 17. Nd3 Ne3 18. Kd2 Nxg2 19.
h4 Bf5 20. Rh2 Bxd3 21. Rxg2 Bxe2 22. Rxe2 Rfe8 23. Rg2 Rad8+ 24. Kc3 Re3+ 25. Kb4 Re4+ 26. c4 Rxf4 27. Re1 Rd7 28. Re8+ Kf7 29.
Ra8 b6 30. h5 Rh4 31. h6 Rxh6 32. Rc8 c5+ 33. Kb5 f5 34. Re2 f4 35. Ree8 Rf6 36. a4 f3 37. Re1 f2 38. Rf1 Re7 39.
a5 Re1 40. Rc7+ Kg6 41. Rxf2 Rxf2 42. axb6 Rxb2+ 43. Kxc5 axb6+ 0-1

[Event "32nd NATO Chess Championship"]
[Site "Tartu, Estonia"]
[Date "2022.06.28"]
[Round "3.4"]
[White "Wang, Eigen"]
[Black "Pavlidou, Ekaterini"]
[Result "1-0"]
[TimeControl "90 min + 30 sec increment from move one"]
[BlackTitle "WIM"]
[WhiteFideId "2008777"]
[BlackFideId "4213262"]
[WhiteElo "2293"]
[BlackElo "2146"]

1. d4 Nf6 2. c4 e6 3. Nc3 Bb4 4. Bd2 O-O 5. e3 b6 6. Nf3 Bb7 7. Bd3 d5 8. cxd5 exd5 9. Ne5 a6 10.
O-O Nbd7 11. f4 c5 12. a3 Bxc3 13. Bxc3 c4 14. Bf5 Re8 15. g4 Nf8 16. g5 Ne4 17. Bxe4 dxe4 18. d5 b5 19.
Qh5 Bxd5 20. Rad1 Rxe5 21. Bxe5 Ra7 22. Rd2 Rd7 23. Rfd1 Ng6 24. Bc3 Ne7 25. Qg4 Qc7 26. Bb4 Qa7 27.
Bxe7 Qxe3+ 28. Kf1 1-0

[Event "32nd NATO Chess Championship"]
[Site "Tartu, Estonia"]
[Date "2022.06.28"]
[Round "3.5"]
[White "Sauer, Marko"]
[Black "Papasimakopoulos, Alexandros"]
[Result "0-1"]
[TimeControl "90 min + 30 sec increment from move one"]
[BlackTitle "CM"]
[WhiteFideId "1270766"]
[BlackFideId "4244125"]
[WhiteElo "2065"]
[BlackElo "2259"]

1. e4 e6 2. d4 d5 3. Nc3 Bb4 4. Bd2 dxe4 5. Qg4 Qxd4 6. O-O-O f5 7. Qh4 Be7 8. Qg3 Bd6 9. Qh4 Bd7 10. Nb5 Qf6 11. Nxd6+ cxd6 12. Qg3 Nc6 13. Qxd6 O-O-O 14. Nh3 h6 15. Bc3 e5 16. Qa3 Qe7 17. Qa4 Qc5 18. Bb5 Nge7 19. Rd2 Nd5 20. Qb3 Nd4 21. Bxd4 exd4 22. Qc4 b6 23. Bxd7+ Rxd7 24. Rxd4 Qxc4 25. Rxc4+ Kb7 26. Rd1 g5 27. Rcd4 Kc6 28. Ng1 Rhd8 29. c4 Nb4 30. Rxd7 Rxd7 31. Rxd7 Kxd7 32. Ne2 Nd3+ 33. Kc2 Nxf2 34. b4 Ng4 35. Kc3 Nxh2 36. Kd4 Ng4 37. a4 Kc6 38. Nc3 e3 39. Ne2 h5 40. Kd3 f4 41. Ke4 Nh6 42. g3 fxg3 43. Nxg3 h4 44. Ne2 h3 45. Nd4+ Kd7 46. Kf3 g4+ 47. Kg3 Kd6 48. Ne2 Nf5+ 49. Kh2 Ke5 50. c5 bxc5 51. bxc5 Kd5 0-1

[Event "32nd NATO Chess Championship"]
[Site "Tartu, Estonia"]
[Date "2022.06.28"]
[Round "3.6"]
[White "Sycz, Dariusz"]
[Black "Mouroutis, Konstantinos"]
[Result "1/2-1/2"]
[TimeControl "90 min + 30 sec increment from move one"]
[WhiteFideId "1138650"]
[BlackFideId "4204689"]
[WhiteElo "2189"]
[BlackElo "2133"]

1. d4 Nf6 2. Nf3 e6 3. b3 Be7 4. Bb2 b6 5. Nbd2 Bb7 6. e3 d5 7. Bd3 Ne4 8. O-O O-O 9. c4 Nd7 10. Qc2 f5 11. Rad1 Rc8 12. Ne5 Nxe5 13. dxe5 Nxd2 14. Rxd2 Bb4 15. Rdd1 Qe7 16. a3 Bxa3 17. Bxa3 Qxa3 18. Ra1 Qc5 19. Rxa7 dxc4 20. Qxc4 Qxc4 21. Bxc4 Bd5 22. Bxd5 exd5 23. Rb7 f4 24. Re1 fxe3 25. Rxe3 d4 26. Re4 d3 27. Re1 Rf5 28. g3 d2 29. Rd1 Rxe5 30. Rxd2 Rc5 31. Kg2 Rc3 32. Rd7 Rxb3 33. Rdxc7 Rxc7 34. Rxc7 b5 35. g4 h6 36. h4 b4 37. Rb7 Rb1 38. Kg3 b3 39. h5 Kh7 40. Kf4 Rb2 41. Ke3 Rb1 42. Rb8 Rb2 43. Kf3 Rb1 44. Kf4 Rb2 45. f3 Rb1 46. Kf5 Rb2 47. Rb7 Rb1 48. f4 Rb2 49. g5 hxg5 50. fxg5 Rf2+ 51. Kg4 b2 52. Rb8 Rg2+ 53. Kf4 Rf2+ 54. Kg4 Rg2+ 55. Kf4 Rf2+ 56. Kg4 1/2-1/2

[Event "32nd NATO Chess Championship"]
[Site "Tartu, Estonia"]
[Date "2022.06.28"]
[Round "3.7"]
[White "Cheung, Jan"]
[Black "Cichy, Kamil"]
[Result "0-1"]
[TimeControl "90 min + 30 sec increment from move one"]
[WhiteFideId "1010735"]
[BlackFideId "1177257"]
[WhiteElo "1964"]
[BlackElo "2179"]

1. d4 Nf6 2. c4 e6 3. Nf3 b6 4.
a3 Bb7 5. Nc3 d5 6. cxd5 Nxd5 7. Qc2 Be7 8. e4 Nxc3 9. bxc3 Nd7 10. Bd3 a6 11. O-O c5 12. Qe2 b5 13. Rd1 c4 14.
Bc2 Qc7 15. h4 h6 16. g3 Bd6 17. e5 Be7 18. Be4 Nb6 19. Bxb7 Qxb7 20. Nd2 Na4 21. Ne4 Qd5 22. f3 f5 23.
exf6 gxf6 24. Bd2 O-O-O 25. Be1 Rdg8 26. Kh2 f5 27. Nc5 Nxc5 28. dxc5 Qc6 29. a4 Bxc5 30. axb5 axb5 31. Ra5 Bb6 32.
Ra2 Kb7 33. Bf2 Rd8 34. Bxb6 Qxb6 35. Rb1 Rd5 36. Rba1 Rhd8 37. Kh3 R8d6 38. Ra7+ Qxa7 39. Rxa7+ Kxa7 40. Qe3+ Ka6 41. Qxh6 b4 42.
cxb4 Kb5 43. h5 c3 44. Qc1 Rc6 45. h6 c2 46. h7 Rd8 47. Kh4 Rh8 48. Qf1+ Rc4+ 0-1

[Event "32nd NATO Chess Championship"]
[Site "Tartu, Estonia"]
[Date "2022.06.28"]
[Round "3.8"]
[White "Valeinis, Janis"]
[Black "Onley, David E"]
[Result "1/2-1/2"]
[TimeControl "90 min + 30 sec increment from move one"]
[WhiteFideId "11601450"]
[BlackFideId "419311"]
[WhiteElo "2176"]
[BlackElo "2083"]

1. d4 Nf6 2. Nc3 c5 3. d5 d6 4. e4 g6 5. f4 Bg7 6. Bb5+ Nfd7 7. a4 O-O 8. Nf3 Na6 9. O-O Nc7 10.
Bc4 Rb8 11. Qd3 a6 12. h3 Nf6 13. e5 Bf5 14. Qd1 Nfe8 15. a5 b5 16. axb6 Rxb6 17. Re1 Nb5 18. Na4 Rb8 19. Ra2 Nec7 20.
b3 Qc8 21. Bb2 Re8 22. Nc3 Qb7 23. g4 Nxc3 24. Bxc3 Bd7 25. Qd3 Nb5 26. Ba1 Rbd8 27. Ng5 dxe5 28. fxe5 Rf8 29. Qe3 Qc8 30.
Nxf7 Rxf7 31. e6 Bxe6 32. dxe6 Rff8 33. Bxg7 Kxg7 34. Bxb5 axb5 35. Ra7 Rde8 36. Rd1 Rf6 37. Rdd7 Kg8 38.
Rxe7 Rxe7 39. Rxe7 Qa8 40. Qe5 Qf3 41. Re8+ Kg7 42. Re7+ Kg8 43. Re8+ Kg7 44. Re7+ Kg8 45. Re8+ 1/2-1/2

[Event "32nd NATO Chess Championship"]
[Site "Tartu, Estonia"]
[Date "2022.06.28"]
[Round "3.9"]
[White "Kedzierski, Slawomir"]
[Black "Tikerpuu, Mati"]
[Result "1-0"]
[TimeControl "90 min + 30 sec increment from move one"]
[WhiteFideId "1134949"]
[BlackFideId "4505905"]
[WhiteElo "2133"]
[BlackElo "1819"]

1. d4 e6 2. Nf3 b6 3. e4 Bb7 4. Bd3 c5 5. c3 cxd4 6. cxd4 Bb4+ 7. Nbd2 Nf6 8. Qe2 O-O 9. O-O Bxd2 10.
Bxd2 h6 11. Bb4 d6 12. Rad1 Re8 13. Rfe1 a5 14. Bd2 Ba6 15. Rc1 d5 16. e5 Ne4 17. Rc2 Bxd3 18. Qxd3 Na6 19. a3 Rc8 20.
Rec1 Rxc2 21. Qxc2 Kf8 22. Be3 Re7 23. Qd3 Nb8 24. Ne1 Kg8 25. Qb5 Kf8 26. h4 Rb7 27. g3 g5 28. hxg5 hxg5 29.
Kg2 g4 30. Qe2 f5 31. exf6 Nxf6 32. Bg5 Kf7 33. Bxf6 Qxf6 34. Qxg4 Nd7 35. Nf3 Ke7 36. Rc6 Nb8 37. Rc3 Kd6 38.
Ne5 Rg7 39. Qe2 Qh4 40. Nf3 Qe4 41. Re3 Qf5 42. Nh4 Qf6 43. Nf3 Nc6 44. Qb5 Nxd4 45. Qxb6+ Nc6 46. Ne5 Rc7 47. b4 axb4 48.
axb4 Qd8 49. Qc5# 1-0